 Dungeon Crawl Stone Soup version 0.19.5 (webtiles) character file.

240185 Gargoyl the Corrupter of Planes (level 19, -5/167 HPs)
             Began as a Ghoul Abyssal Knight on May 10, 2017.
             Was the Champion of Lugonu.
             Slain by a guardian serpent (shapeshifter) (12 damage)
             ... while paralysed by a great orb of eyes
             ... on level 3 of the Abyss.
             The game lasted 01:51:16 (37310 turns).

Gargoyl the Corrupter of Planes (GhAK)             Turns: 37310, Time: 01:51:16

Health: -5/167     AC: 30    Str: 25    XL:     19   Next: 77%
Magic:  16/21      EV:  2    Int: 10    God:    Lugonu [******]
Gold:   2061       SH:  0    Dex: 14    Spells: 0 memorised, 18 levels left

rFire  . . .     SeeInvis +     E - +6 war axe (elec)
rCold  + . .     Gourm    .     B - +4 plate armour
rNeg   + + +     Faith    .     O - +2 shield {AC+3}
rPois  ∞         Spirit   .     i - +1 helmet
rElec  +         Reflect  +     b - +0 cloak
rCorr  .         Harm     .     (no gloves)
MR     +....                    J - +0 pair of boots {run}
Stlth  ..........               R - +6 amulet of reflection
                                h - ring "Tiyhuzedd" {rElec rPois MP-9 Str+7 Int+3}
                                P - ring of see invisible

@: paralysed, rotting, quick
A: rotting body, claws 1, carnivore 3, cold resistance 1, negative energy
resistance 3, slow regeneration 1, torment resistance, unbreathing
a: Depart the Abyss, Bend Space, Banish, Corrupt, Enter the Abyss, Brand Weapon
With Distortion, Renounce Religion
}: 1/15 runes: gossamer


You were on level 3 of the Abyss.
You worshipped Lugonu.
Lugonu was exalted by your worship.
You were not hungry.

You visited 5 branches of the dungeon, and saw 31 of its levels.
You visited the Abyss 2 times.
You also visited: Ossuary and Volcano.

You collected 3569 gold pieces.
You spent 1508 gold pieces at shops.

Inventory:

Hand Weapons
 a - a +1 hand axe
 p - a +2 broad axe of freezing
 s - a +1 vampiric spear
 E - a +6 war axe of electrocution (weapon)
Missiles
 W - 8 javelins (quivered)
Armour
 b - a +0 cloak (worn)
 i - a +1 helmet (worn)
 B - a +4 plate armour (worn)
 J - a +0 pair of boots of running (worn)
 O - a +2 shield of protection (worn)
Jewellery
 d - an uncursed ring of protection from magic
 f - an uncursed amulet of regeneration
 h - the ring "Tiyhuzedd" (right claw) {rElec rPois MP-9 Str+7 Int+3}
   (You found it on level 6 of the Dungeon)

   [ring of poison resistance]

   It affects your strength (+7).
   It affects your intelligence (+3).
   It insulates you from electricity.
   It protects you from poison.
   It affects your magic capacity (-9).
 j - an uncursed ring of resist corrosion
 F - the ring "Ylizoidy" {Fire +Inv Str+4 Dex+4}
   (You found it on level 11 of the Dungeon)

   [ring of fire]

   It enhances your fire magic.
   It affects your strength (+4).
   It affects your dexterity (+4).
   It protects you from fire.
   It makes you vulnerable to cold.
   It lets you turn invisible.
 P - a ring of see invisible (left claw)
 R - a +6 amulet of reflection (around neck)
Wands
 g - a wand of disintegration (17/24)
 n - a wand of paralysis (7/24)
 o - a wand of confusion (17/48)
 A - a wand of slowing (21/48)
 H - a wand of iceblast (9/15)
 L - a wand of teleportation (5/9)
Scrolls
 k - 9 scrolls of fear
 l - 19 scrolls of remove curse
 r - 4 scrolls of blinking
 x - 7 scrolls of fog
 y - 3 scrolls of teleportation
 K - a scroll of silence
 M - 3 scrolls of recharging
 N - 5 scrolls of magic mapping
 S - 6 scrolls of identify
Potions
 e - 4 potions of curing
 t - 5 potions of might
 u - 5 potions of haste
 w - 6 potions of resistance
 C - 4 potions of magic
 G - 7 potions of ambrosia
 U - 4 potions of brilliance
 V - 7 potions of agility
Comestibles
 c - 2 meat rations
 m - a beef jerky
 D - 11 chunks of flesh


   Skills:
 + Level 14.0 Fighting
 + Level 14.7 Axes
 + Level 3.8 Throwing
 * Level 16.2 Armour
 + Level 5.7 Dodging
 + Level 13.2 Shields
 * Level 16.9 Invocations


You had 18 spell levels left.
You didn't know any spells.

Dungeon Overview and Level Annotations

Branches:
Dungeon (15/15)            Temple (0/1) D:4            Lair (6/6) D:9
 Shoals (0/4) Lair:3       Spider (4/4) Lair:4        Slime (0/5) Lair:6
    Orc (2/2) D:9             Elf (0/3) Orc:2        Vaults (4/5) D:13
  Crypt (0/3) Vaults:2     Depths (0/5) D:15

Altars:
Kikubaaqudgha
Makhleb
Vehumet
Zin
Beogh
Jiyva

Shops:
D:4 (   D:5 ?   D:9 }=   D:11 *   D:14 !   Orc:2 [:[(!   Vaults:1 }

Portals:
Trove: D:10 (give The Arcane Secrets of Witchery)


Innate Abilities, Weirdness & Mutations

Your body is rotting away.
You thrive on raw meat.
You are immune to poison.
You have sharp fingernails.
You are carnivorous and can eat meat at any time.
Your flesh is cold resistant. (rC+)
You are immune to negative energy. (rN+++)
You regenerate slowly when monsters are visible.
You are immune to unholy pain and torment.
You can survive without breathing.


Message History

You block the guardian serpent's attack.
The great orb of eyes gazes at you.
You feel your power leaking away.
You block the crystal guardian's attack.
You feel better.
You block the guardian serpent's attack.
The great orb of eyes bites you.
* * * LOW HITPOINT WARNING * * *
You block the crystal guardian's attack.
The great orb of eyes gazes at you.
You suddenly lose the ability to move!
The guardian serpent hits you but does no damage. x2
The great orb of eyes bites you.
* * * LOW HITPOINT WARNING * * *
The crystal guardian fires a crystalline bolt at you.
The crystal bolt freezes you! You resist.
* * * LOW HITPOINT WARNING * * *
The great orb of eyes bites you but does no damage.
The guardian serpent hits you!
You die...

## [ # ## ##.. . ..##
##.#+++#.##. . . .
#.........#..## .. #
##.......##.. #. .#
#.........##..# ##..
##.G8....###..# ...
#..@S8....#.##...#..
#..#..G....#.......#..
... #.#.#.#.#....##
..#. . #..#####..#..##
.# ... #. . ...#.#. ##
..... #∩#..#...#.. ##.
#...##. # ..###. .##.#
..#. # ... ##.. .
..#.........


You could see 2 great orbs of eyes, 2 crystal guardians and a guardian serpent.

Vanquished Creatures
  Sojobo (Vaults:2)
  Jorgrun (Vaults:1)
  A sphinx (Vaults:4)
  Kirke (Spider:4)
  2 tengu reavers (Vaults:2)
  2 fire giants
  4 ghost moths (Spider:4)
  10 vault wardens
  An orc warlord (Orc:2)
  6 emperor scorpions
  8 ironheart preservers
  A ghoul (Vaults:2)
  A reaper (Vaults:2)
  7 stone giants
  A deep elf demonologist (Vaults:4)
  2 entropy weavers
  A spark wasp (Spider:4)
  An ettin (Vaults:4)
  2 deep elf death magi (Vaults:3)
  A crystal guardian (Vaults:2)
  2 jiangshi (Vaults:2)
  2 fire dragons
  2 rakshasas
  2 ice dragons
  Fannar (Lair:2)
  11 vault guards
  4 centaur warriors
  3 catoblepae (Lair:6)
  13 death yaks
  2 deep troll shamans (Vaults:2)
  4 death knights
  8 ogre magi
  A deep troll earth mage (Vaults:2)
  Sonja (Lair:1)
  Urug (Lair:1)
  3 skeletal warriors
  Nergalle (D:11)
  4 deep elf knights
  7 deep trolls
  9 wizards
  A glowing orange brain (Vaults:3)
  2 unseen horrors (Vaults:1)
  4 flayed ghosts
  An anaconda skeleton (Volcano)
  7 hill giants
  A swamp dragon (shapeshifter) (Vaults:2)
  A deep elf archer (Vaults:3)
  8 ironbrand convokers
  7 orc knights
  A sphinx zombie (Vaults:2)
  17 orb spiders
  2 necromancers
  25 wolf spiders
  9 orc sorcerers
  9 ugly things
  A manticore (D:14)
  3 stone giant zombies
  9 deep elf magi
  2 moths of wrath
  6 cyclopes
  2 centaur zombies
  12 elephants
  4 black mambas
  A guardian serpent (shapeshifter) (Abyss:3)
  Psyche (D:8)
  2 naga magi (D:15)
  A stone giant skeleton (Vaults:2)
  4 centaur skeletons
  6 vault sentinels
  8 spiny frogs
  7 gargoyles
  A yaktaur (shapeshifter) (Vaults:1)
  4 rime drakes
  23 yaktaurs
  4 komodo dragons
  A komodo dragon (shapeshifter) (Vaults:4)
  9 freezing wraiths
  8 demonic crawlers
  A polar bear (Lair:6)
  A tengu conjurer (D:15)
  23 jumping spiders
  A queen bee (Lair:1)
  A tengu simulacrum (Vaults:2)
  8 trolls
  11 hornets
  4 harpy skeletons (Volcano)
  Grinder (D:3)
  8 blink frogs
  18 slime creatures
  15 two-headed ogres
  11 hippogriffs
  An ettin zombie (Vaults:2)
  The ghost of freekh the Gusty, an amateur HEAE (D:4)
  14 dream sheep
  A hippogriff (shapeshifter) (Abyss:3)
  A frost giant simulacrum (Vaults:2)
  A shadow (D:11)
  A centaur simulacrum (D:15)
  A vampire (D:14)
  3 flying skulls (Volcano)
  2 alligator skeletons (Volcano)
  73 redbacks
  An ettin skeleton (Vaults:4)
  3 wraiths
  24 tarantellas
  A spriggan (shapeshifter) (Vaults:2)
  3 wyverns
  A fire bat (shapeshifter) (Vaults:2)
  2 hogs (Spider:4)
  36 yaks
  5 basilisks
  Eustachio (D:8)
  A fire elemental (D:11)
  Grum (D:11)
  16 humans
  2 hungry ghosts
  9 vampire mosquitoes
  A warg (D:15)
  Edmund (D:5)
  A mottled dragon (Vaults:2)
  A soldier ant (D:11)
  2 floating eyes (D:10)
  12 water moccasins
  The ghost of Reinor the Ducker, an amateur SpEE (Ossuary)
  12 porcupines
  33 orc warriors
  3 ice beasts
  4 phantoms
  3 sky beasts
  30 ogres
  A black bear (shapeshifter) (Vaults:3)
  A black bear (D:10)
  An ettin simulacrum (Vaults:2)
  8 wolves
  The ghost of humperndinck the Insei, an amateur DgTm (D:3)
  4 boggarts (Vaults:1)
  8 centaurs
  11 crocodiles
  3 big kobolds
  8 bullfrogs
  A wyvern zombie (D:12)
  6 scorpions
  32 killer bees
  13 wights
  An electric eel (Spider:1)
  4 howler monkeys
  2 troll skeletons (Volcano)
  7 crimson imps
  A quasit (D:5)
  A human zombie (D:8)
  3 hounds
  3 jellies
  15 orc priests
  A gnoll shaman (D:4)
  7 iguanas
  11 worker ants
  35 orc wizards
  2 killer bee zombies
  A big kobold zombie (Ossuary)
  2 hound zombies
  2 naga skeletons (Volcano)
  A hound skeleton (D:6)
  8 mummies (Ossuary)
  A worker ant zombie (D:7)
  19 gnolls
  A howler monkey skeleton (D:9)
  14 adders
  A river rat (D:9)
  6 shadow imps
  6 white imps
  2 oozes
  An ufetubus (Vaults:1)
  An adder skeleton (D:5)
  2 worms
  2 dart slugs
  4 leopard geckos
  97 orcs
  8 bats
  5 giant cockroaches
  6 goblins
  6 hobgoblins
  2 quokkas
  A ball python (D:4)
  2 frilled lizards
  3 gnoll zombies
  3 hobgoblin zombies (Ossuary)
  14 kobolds
  A kobold zombie (Ossuary)
  A leopard gecko skeleton (D:6)
  An orc zombie (Ossuary)
  4 rats
  2 crawling corpses (Vaults:3)
  9 fungi (D:9)
  8 plants
1199 creatures vanquished.

Vanquished Creatures (others)
  An entropy weaver (Vaults:3)
  Nessos (Orc:2)
  A vault guard (Vaults:2)
  A yaktaur captain (Vaults:1)
  7 hydras
  A skeletal warrior (Volcano)
  An unseen horror (Vaults:1)
  4 deep elf archers
  2 yaktaurs
  2 tarantellas (Spider:2)
  A vampire (Lair:1)
  2 humans (Spider:4)
  An orc (Orc:2)
  9 fungi
  10 plants
44 creatures vanquished.

Grand Total: 1243 creatures vanquished

Notes
Turn   | Place    | Note
-------+----------+-------------------------------------------
     0 | Abyss:1  | Gargoyl the Ghoul Abyssal Knight began the quest for the Orb.
     0 | Abyss:1  | Reached XP level 1. HP: 19/19 MP: 1/1
     1 | Abyss:1  | Noticed a slime creature
     4 | Abyss:1  | Found a corrupted altar of Lugonu.
    14 | Abyss:1  | Found a corrupted altar of Lugonu.
    31 | D:1      | Escaped the Abyss
   691 | D:1      | Reached XP level 2. HP: 25/25 MP: 2/2
   693 | D:1      | Reached * piety under Lugonu
   895 | D:1      | Reached skill level 1 in Dodging
  1363 | D:1      | Reached XP level 3. HP: 30/31 MP: 2/4
  1536 | D:2      | Reached XP level 4. HP: 39/40 MP: 5/5
  2218 | D:2      | Reached XP level 5. HP: 19/46 MP: 6/6
  2236 | D:3      | Noticed Grinder
  2266 | D:3      | Paralysed by Grinder for 3 turns
  2276 | D:3      | Killed Grinder
  2276 | D:3      | Reached XP level 6. HP: 44/52 MP: 7/7
  2349 | D:3      | Reached ** piety under Lugonu
  2350 | D:3      | Noticed humperndinck's ghost (amateur DgTm)
  2384 | D:3      | Reached skill level 5 in Axes
  2384 | D:3      | Reached XP level 7. HP: 35/63 MP: 7/11
  2396 | D:3      | Killed humperndinck's ghost
  3155 | D:4      | Noticed freekh's ghost (amateur HEAE)
  3265 | D:4      | Killed freekh's ghost
  3265 | D:4      | Reached XP level 8. HP: 70/70 MP: 11/13
  3636 | D:4      | Found Urghoaloih's Antique Weapon Shop.
  3728 | D:4      | Bought a glowing hand axe for 216 gold pieces
  3859 | D:4      | Found a staircase to the Ecumenical Temple.
  3946 | D:5      | Entered Level 5 of the Dungeon
  4113 | D:5      | Noticed Edmund
  4123 | D:5      | Killed Edmund
  4123 | D:5      | Reached XP level 9. HP: 78/78 MP: 14/14
  4180 | D:5      | Reached *** piety under Lugonu
  4215 | D:5      | Found Idonuts's Magic Scroll Boutique.
  4226 | D:5      | Bought a scroll of teleportation for 45 gold pieces
  4226 | D:5      | Bought a scroll of teleportation for 45 gold pieces
  4552 | D:6      | Got an ancient ivory ring
  5115 | D:6      | Reached skill level 5 in Dodging
  5275 | D:5      | Bought a scroll of enchant weapon for 112 gold pieces
  5644 | D:7      | Identified the ring "Tiyhuzedd" {rElec rPois MP-9 Str+7 Int+3} (You found it on level 6 of the Dungeon)
  6140 | D:7      | Reached **** piety under Lugonu
  6473 | D:8      | Noticed Psyche
  6482 | D:8      | Killed Psyche
  6482 | D:8      | Reached XP level 10. HP: 85/86 MP: 6/15
  6573 | D:8      | Noticed Eustachio
  6585 | D:8      | Killed Eustachio
  6644 | D:8      | Found a sand-covered staircase.
  6666 | Ossuary  | Entered an ossuary
  6752 | Ossuary  | Noticed Reinor's ghost (amateur SpEE)
  6757 | Ossuary  | Killed Reinor's ghost
  6886 | D:8      | Identified a scroll of acquirement
  7051 | D:9      | Found Lunufedd's Jewellery Shop.
  7065 | D:9      | Bought an uncursed ring of see invisible for 150 gold pieces
  7126 | D:5      | Bought a scroll of enchant weapon for 112 gold pieces
  7261 | D:9      | Found Idim's Gadget Shop.
  7370 | D:9      | Found a staircase to the Lair.
  7405 | Lair:1   | Entered Level 1 of the Lair of Beasts
  7459 | Lair:1   | Noticed Sonja
  7480 | Lair:1   | Killed Sonja
  7490 | Lair:1   | Identified the Reference Book on Supportive Weightlessness
  7518 | Lair:1   | Noticed a black mamba
  7530 | Lair:1   | Killed a black mamba
  7614 | Lair:1   | Noticed a six-headed hydra
  7637 | Lair:1   | Banished a six-headed hydra
  8086 | Lair:1   | Noticed a spiny frog
  8099 | Lair:1   | Killed a spiny frog
  8340 | Lair:1   | Reached XP level 11. HP: 38/92 MP: 8/17
  8871 | Lair:2   | Noticed a seven-headed hydra
  8873 | Lair:2   | Banished a seven-headed hydra
  9003 | Lair:2   | Reached skill level 10 in Invocations
  9016 | Lair:2   | Noticed Urug
  9017 | Lair:2   | Noticed Fannar
  9038 | Lair:1   | Killed Urug
  9038 | Lair:1   | Reached skill level 1 in Shields
  9364 | Lair:2   | Killed Fannar
  9364 | Lair:2   | Reached skill level 10 in Armour
 10536 | D:5      | Bought a scroll of enchant weapon for 112 gold pieces
 10730 | Lair:3   | Reached XP level 12. HP: 83/101 MP: 9/18
 10804 | Lair:3   | Found a staircase to the Shoals.
 11419 | Lair:4   | Found a hole to the Spider Nest.
 11471 | Lair:4   | Reached ***** piety under Lugonu
 12448 | Lair:5   | Got a flickering bronze ring
 12450 | Lair:5   | Identified the ring "Qarulaq" {rCorr Int+3 Stlth-} (You found it on level 5 of the Lair of Beasts)
 12513 | Lair:5   | Noticed an eight-headed hydra
 12523 | Lair:5   | Noticed a seven-headed hydra
 12531 | Lair:5   | Banished an eight-headed hydra
 12632 | Lair:4   | Banished a seven-headed hydra
 12889 | Lair:5   | Reached XP level 13. HP: 47/108 MP: 11/20
 13346 | Lair:6   | Entered Level 6 of the Lair of Beasts
 13511 | Lair:6   | Found a viscous altar of Jiyva.
 13512 | Lair:6   | Found a staircase to the Slime Pits.
 14875 | Lair:6   | Reached skill level 10 in Axes
 14951 | Lair:6   | Reached skill level 5 in Shields
 15086 | Lair:6   | Reached XP level 14. HP: 56/118 MP: 13/22
 16004 | D:9      | Found a staircase to the Orcish Mines.
 16231 | Orc:1    | Entered Level 1 of the Orcish Mines
 16683 | Orc:1    | Found a dark tunnel.
 16688 | Volcano  | Entered a volcano
 16783 | Volcano  | Reached skill level 10 in Fighting
 17973 | Orc:2    | Entered Level 2 of the Orcish Mines
 17973 | Orc:2    | Noticed an orc warlord
 18048 | Orc:1    | Paralysed by an orc sorcerer for 7 turns
 18132 | Orc:2    | Killed an orc warlord
 18224 | Orc:2    | Noticed Nessos
 18242 | Orc:2    | Killed Nessos
 18269 | Orc:2    | Found Daybus's Armour Shop.
 18310 | Orc:2    | Bought a +0 pair of boots of running for 378 gold pieces
 18315 | Orc:2    | Bought a +2 shield of protection for 258 gold pieces
 18561 | Orc:2    | Reached ****** piety under Lugonu
 18646 | Orc:2    | Found a staircase to the Elven Halls.
 18744 | Orc:2    | Paralysed by an orc sorcerer for 2 turns
 18807 | Orc:2    | Found an ancient bone altar of Kikubaaqudgha.
 18921 | Orc:2    | Found a roughly hewn altar of Beogh.
 18921 | Orc:2    | Found Otomm's Antique Weapon Shop.
 18923 | Orc:2    | Found Aggufez's Book Boutique.
 18933 | Orc:2    | Paralysed by an orc sorcerer for 7 turns
 18950 | Orc:2    | Found Vesan's Antique Armour Boutique.
 19017 | Orc:2    | Found a radiant altar of Vehumet.
 19035 | Orc:2    | Found Rich's Distillery.
 19266 | D:10     | Entered Level 10 of the Dungeon
 19455 | D:10     | Paralysed by a floating eye for 4 turns
 19602 | D:10     | Reached XP level 15. HP: 124/128 MP: 15/24
 19794 | D:10     | Found a portal to a secret trove of treasure.
 20299 | D:11     | Noticed Nergalle
 20311 | D:11     | Killed Nergalle
 20508 | D:11     | Noticed Grum
 20523 | D:11     | Killed Grum
 20609 | D:11     | Found Pifyib's Elemental Accessories.
 20685 | D:11     | Got a vibrating turquoise ring
 20686 | D:11     | Identified the ring "Ylizoidy" {Fire +Inv Str+4 Dex+4} (You found it on level 11 of the Dungeon)
 21246 | D:11     | Identified the Reference Book on Captivating Darkness
 21981 | D:13     | Found a gate to the Vaults.
 22691 | D:14     | Found Lixej's Distillery.
 22697 | D:14     | Bought a potion of heal wounds for 80 gold pieces
 23452 | D:14     | You fall through a shaft!
 23452 | D:15     | Entered Level 15 of the Dungeon
 24385 | D:15     | Found a staircase to the Depths.
 24634 | Spider:1 | Entered Level 1 of the Spider Nest
 24642 | Lair:4   | Reached XP level 16. HP: 131/137 MP: 16/25
 26197 | Spider:2 | HP: 2/138 [redback (7)]
 27183 | Spider:3 | Got a slimy helmet
 27194 | Spider:3 | Identified the +0 helmet of Minor Irritation {rElec rN+} (You acquired it on level 3 of the Spider Nest)
 27631 | Spider:4 | Entered Level 4 of the Spider Nest
 27675 | Spider:4 | Noticed Kirke
 28031 | Spider:4 | Reached XP level 17. HP: 79/146 MP: 1/27
 28309 | Spider:4 | Reached skill level 15 in Invocations
 28536 | Spider:3 | Reached skill level 10 in Shields
 28710 | Spider:4 | Noticed a sphinx
 28720 | Spider:4 | Killed Kirke
 28991 | Spider:4 | Got a gossamer rune of Zot
 29488 | Vaults:1 | Entered Level 1 of the Vaults
 29889 | Vaults:1 | Found Fecaschof's Gadget Shop.
 30234 | Vaults:1 | Reached skill level 15 in Armour
 31064 | Vaults:1 | Found a burning altar of Makhleb.
 31152 | Vaults:1 | Noticed Jorgrun
 31165 | Vaults:1 | Killed Jorgrun
 31907 | Vaults:2 | Reached XP level 18. HP: 123/155 MP: 19/28
 32015 | Vaults:2 | Found a staircase to the Crypt.
 33998 | Vaults:3 | Noticed Sojobo
 35056 | Vaults:3 | Paralysed by an ogre mage for 2 turns
 35156 | Vaults:2 | Killed Sojobo
 35454 | Vaults:2 | Reached XP level 19. HP: 93/163 MP: 21/30
 35866 | Vaults:3 | Got a scorched tin ring
 35868 | Vaults:3 | Identified the ring of Fauqosuv {+Inv rF+ Str+3 Dex-4 Slay+5} (You found it on level 3 of the Vaults)
 36622 | Vaults:4 | Found a glowing silver altar of Zin.
 37265 | Vaults:4 | Cast into level 3 of the Abyss (a wizard)
 37308 | Abyss:3  | Paralysed by a great orb of eyes for 5 turns
 37309 | Abyss:3  | HP: 6/167 [crystal guardian/crystal bolt (15)]
 37310 | Abyss:3  | Slain by a guardian serpent (shapeshifter)

Skill      XL: |  1  2  3  4  5  6  7  8  9 10 11 12 13 14 15 16 17 18 19 |
---------------+----------------------------------------------------------+-----
Armour         | 2 3 6 7 8 9 10 11 12 13 14 15 16 | 16.2
Axes           | 2 3 5 6 7 8 9 10 11 12 13 14 | 14.7
Dodging        | 1 2 4 5 |  5.7
Invocations    | 3 7 8 9 10 11 12 13 14 15 16 | 16.9
Fighting       | 4 6 7 8 9 10 11 12 13 14 | 14.0
Throwing       | 3 |  3.8
Shields        | 1 3 5 6 7 9 11 12 13 | 13.2

Action                   |  1- 3 |  4- 6 |  7- 9 | 10-12 | 13-15 | 16-18 | 19-21 || total
-------------------------+-------+-------+-------+-------+-------+-------+-------++-------
Melee: Hand axe          |   109 |   137 |   456 |   584 |  1370 |  1673 |   336 ||  4665
       War axe           |       |       |       |       |       |       |     7 ||     7
Throw: Javelin           |       |       |       |       |     3 |     4 |       ||     7
Invok: Depart the Abyss  |     1 |       |       |       |       |       |       ||     1
       Banish            |       |       |       |    11 |     7 |     4 |     2 ||    24
       Bend Space        |       |       |       |     1 |     2 |     3 |       ||     6
  Use: Scroll            |     5 |       |     8 |    13 |    13 |    14 |     4 ||    57
       Potion            |     1 |     2 |     1 |     1 |    11 |     5 |     4 ||    25
  Eat: Chunk             |    11 |    14 |    53 |   113 |   224 |   240 |    70 ||   725
       Meat ration       |       |       |       |       |     4 |     1 |     1 ||     6
Armor: Leather armour    |     7 |       |       |       |       |       |       ||     7
       Ring mail         |    47 |    55 |   138 |       |       |       |       ||   240
       Plate armour      |       |       |   113 |   380 |   511 |  1114 |   118 ||  2236
Dodge: Dodged            |    87 |    59 |   238 |   282 |   322 |   504 |    75 ||  1567
Block: Buckler           |       |       |       |   203 |   339 |       |       ||   542
       Reflection        |       |       |       |     7 |    44 |    52 |    37 ||   140
       Shield            |       |       |       |       |   593 |  1768 |   302 ||  2663
